| TOP OF THE 1ST |
|
State College Spikes batting - Pitching for Rome Braves : RHP Javy Hernandez
|
|
Pitching: RHP Javy Hernandez
|
|
|
Batting: RHB Ben Politi
|
0-0: Ball 1-0: Ball 2-0: Ball 3-0: Called Strike 3-1: Base on Balls
|
|
Batting: RHB Juan Carrillo
|
0-0: Ball 1-0: Called Strike 1-1: Foul Ball, location: 2F 1-2: Ground out 4-3 (Groundball, 4S, EV 70.6 MPH) Ben Politi to second
|
|
Batting: RHB Nelson Salamanca
|
0-0: Ball 1-0: Foul Ball, location: 2F 1-1: Ball Ben Politi is caught stealing 3rd base 2-5 2-1: Swinging Strike 2-2: Foul Ball, location: 2F 2-2: Ball 3-2: Ground out 6-3 (Groundball, 56, EV 98.8 MPH)
|
| Top of the 1st over - 0 runs, 0 hits, 0 errors, 0 left on base; State College 0 - Rome 0 |
| BOTTOM OF THE 1ST |
|
Rome Braves batting - Pitching for State College Spikes : RHP Terry Romaine
|
|
Pitching: RHP Terry Romaine
|
|
|
Batting: RHB Carlos Livas
|
0-0: Bunt for hit to 15S - play at first, batter OUT! 1-3
|
|
Batting: LHB Mitsujiro Tanaka
|
0-0: Ball 1-0: Foul Ball, location: 2F 1-1: Called Strike 1-2: Strikes out swinging
|
|
Batting: RHB Dave Pizarro
|
0-0: Called Strike 0-1: Ball 1-1: Foul Ball, location: 2F 1-2: Strikes out swinging
|
| Bottom of the 1st over - 0 runs, 0 hits, 0 errors, 0 left on base; State College 0 - Rome 0 |
| TOP OF THE 2ND |
|
State College Spikes batting - Pitching for Rome Braves : RHP Javy Hernandez
|
|
Batting: LHB Ignacio Ocampo
|
0-0: Reached on error, E4 (Groundball, 4, EV 83.8 MPH)
|
|
Batting: RHB Shou-feng Chang
|
0-0: Ball 1-0: Ground out 6-3 (Groundball, 56, EV 90.6 MPH)
|
|
Batting: SHB Bobby Mercado
|
0-0: Called Strike 0-1: Foul Ball, location: 2F 0-2: Foul Ball, location: 2F 0-2: Ball 1-2: Strikes out swinging
|
|
Batting: LHB Ken Morehead
|
0-0: Called Strike 0-1: Ball 1-1: Foul Ball, location: 2F 1-2: Ball 2-2: Strikes out swinging
|
| Top of the 2nd over - 0 runs, 0 hits, 1 error, 1 left on base; State College 0 - Rome 0 |
| BOTTOM OF THE 2ND |
|
Rome Braves batting - Pitching for State College Spikes : RHP Terry Romaine
|
|
Batting: RHB Tony Cabrera
|
0-0: SINGLE (Groundball, 23, EV 66.9 MPH) (infield hit)
|
|
Batting: RHB Manny Hensley
|
0-0: Fly out, F6 (Line Drive, 6, EV 71.2 MPH)
|
|
Batting: RHB Yutaka Yamane
|
0-0: Ball 1-0: Called Strike 1-1: Ball 2-1: Fly out, F9 (Flyball, 89M, EV 81.9 MPH)
|
|
Batting: RHB Gebre-Giorgios Wangondu
|
0-0: Called Strike 0-1: Fielders Choice at 2nd, 5-4 (Groundball, 56, EV 91.2 MPH)
|
| Bottom of the 2nd over - 0 runs, 1 hit, 0 errors, 1 left on base; State College 0 - Rome 0 |
| TOP OF THE 3RD |
|
State College Spikes batting - Pitching for Rome Braves : RHP Javy Hernandez
|
|
Batting: LHB Ken Compton
|
0-0: SINGLE (Line Drive, 7LS, EV 106.2 MPH)
|
|
Batting: RHB Nick Latulippe
|
0-0: Ball Ken Compton is caught stealing 2nd base 2-4 1-0: Called Strike 1-1: Swinging Strike 1-2: Strikes out looking
|
|
Batting: RHB Ben Politi
|
0-0: Ball 1-0: Reached on error, E8 (Flyball, 89M, EV 89.4 MPH)
|
|
Batting: RHB Juan Carrillo
|
0-0: Called Strike 0-1: Ball 1-1: Hit by Pitch
|
|
Batting: RHB Nelson Salamanca
|
0-0: Foul Ball, location: 2F 0-1: Swinging Strike 0-2: Ball 1-2: Strikes out swinging
|
| Top of the 3rd over - 0 runs, 1 hit, 1 error, 2 left on base; State College 0 - Rome 0 |
| BOTTOM OF THE 3RD |
|
Rome Braves batting - Pitching for State College Spikes : RHP Terry Romaine
|
|
Batting: LHB Ivan Castillo
|
0-0: Foul Ball, location: 2F 0-1: Hit by Pitch
|
|
Pinch Runner at 1st Adam Hairston:
|
|
|
Batting: RHB Roberto Rios
|
0-0: Called Strike Adam Hairston steals 2nd base 0-1: Ball 1-1: Called Strike 1-2: Foul Ball, location: 2F 1-2: Hit by Pitch
|
|
Pinch Runner at 1st Jason Herr:
|
|
|
Batting: RHB Carlos Livas
|
0-0: Ball 1-0: Ball 2-0: Ball 3-0: Called Strike 3-1: Foul Ball, location: 2F 3-2: Strikes out looking
|
|
Batting: LHB Mitsujiro Tanaka
|
0-0: Called Strike 0-1: Foul Ball, location: 2F 0-2: SINGLE (Line Drive, 8LS, EV 95.6 MPH) Adam Hairston to third Jason Herr to second Runner from 3rd tries for Home, SAFE, throw by CF to home
|
|
Batting: RHB Dave Pizarro
|
0-0: Ball 1-0: Fly out, F9 (Flyball, 89M, EV 89.4 MPH) Lined into DP, 9-6 (Flyball, 89M, EV 89.4 MPH)
|
| Bottom of the 3rd over - 1 run, 1 hit, 0 errors, 1 left on base; State College 0 - Rome 1 |
| TOP OF THE 4TH |
|
State College Spikes batting - Pitching for Rome Braves : RHP Javy Hernandez
|
|
Now at C: Diego Garcia
|
|
|
Now at SS: Adam Hairston
|
|
|
Batting: LHB Ignacio Ocampo
|
0-0: Ball 1-0: Ball 2-0: Foul Ball, location: 2F 2-1: Swinging Strike 2-2: Ball 3-2: Fly out, F8 (Line Drive, 8RS, EV 93.1 MPH)
|
|
Batting: RHB Shou-feng Chang
|
0-0: Ball 1-0: Ball 2-0: Called Strike 2-1: Ball 3-1: Base on Balls
|
|
Batting: SHB Bobby Mercado
|
0-0: Ball 1-0: Called Strike 1-1: Swinging Strike 1-2: Strikes out swinging
|
|
Batting: LHB Ken Morehead
|
0-0: Ball 1-0: Called Strike 1-1: Ball 2-1: Ground out U3 (Groundball, 3S, EV 85.6 MPH)
|
| Top of the 4th over - 0 runs, 0 hits, 0 errors, 1 left on base; State College 0 - Rome 1 |
| BOTTOM OF THE 4TH |
|
Rome Braves batting - Pitching for State College Spikes : RHP Terry Romaine
|
|
Batting: RHB Tony Cabrera
|
0-0: SINGLE (Line Drive, 9S, EV 103.1 MPH)
|
|
Batting: RHB Manny Hensley
|
0-0: Ball Tony Cabrera steals 2nd base 1-0: Foul Ball, location: 2F 1-1: SINGLE (Groundball, 56D, EV 98.8 MPH) Tony Cabrera to third Runner from 3rd tries for Home, SAFE, throw by LF to home Manny Hensley to second
|
|
Batting: RHB Yutaka Yamane
|
0-0: Ball 1-0: Fly out, F8 (Flyball, 8RXD, EV 93.1 MPH) Runner from 2nd tags up, SAFE at 3rd, no throw by CF
|
|
Batting: RHB Gebre-Giorgios Wangondu
|
0-0: DOUBLE (Line Drive, 89D, EV 96.9 MPH) Manny Hensley scores
|
|
Batting: LHB Adam Hairston
|
0-0: Ball 1-0: Called Strike 1-1: Foul Ball, location: 2F 1-2: Fly out, F8 (Flyball, 89D, EV 104.4 MPH) Runner from 2nd tags up, SAFE at 3rd, no throw by CF
|
|
Batting: LHB Diego Garcia
|
0-0: Ball 1-0: Fly out, F9 (Flyball, 8RM, EV 91.2 MPH)
|
| Bottom of the 4th over - 2 runs, 3 hits, 0 errors, 1 left on base; State College 0 - Rome 3 |
| TOP OF THE 5TH |
|
State College Spikes batting - Pitching for Rome Braves : RHP Javy Hernandez
|
|
Batting: LHB Ken Compton
|
0-0: Ball 1-0: Ball 2-0: Ground out 3-1 (Groundball, 34S, EV 63.8 MPH)
|
|
Batting: RHB Nick Latulippe
|
0-0: Called Strike 0-1: Ball 1-1: Swinging Strike 1-2: Foul Ball, location: 2F 1-2: Foul Ball, location: 2F 1-2: Ball 2-2: DOUBLE (Flyball, 8RXD, EV 102.5 MPH)
|
|
Batting: RHB Ben Politi
|
0-0: Called Strike 0-1: Ball 1-1: Ball 2-1: Ball 3-1: Foul Ball, location: 2F 3-2: Ground out 5-3 (Groundball, 56S, EV 90.0 MPH)
|
|
Batting: RHB Juan Carrillo
|
0-0: Foul Ball, location: 2F 0-1: Ground out 5-3 (Groundball, 5, EV 80.6 MPH)
|
| Top of the 5th over - 0 runs, 1 hit, 0 errors, 1 left on base; State College 0 - Rome 3 |
| BOTTOM OF THE 5TH |
|
Rome Braves batting - Pitching for State College Spikes : RHP Terry Romaine
|
|
Batting: RHB Carlos Livas
|
0-0: Ball 1-0: Ball 2-0: Called Strike 2-1: Foul Ball, location: 2F 2-2: Foul Ball, location: 2F 2-2: Reached on error, E5 (Groundball, 56, EV 104.4 MPH)
|
|
Batting: LHB Mitsujiro Tanaka
|
0-0: Ball Carlos Livas is caught stealing 2nd base 2-6 1-0: Ball 2-0: Called Strike 2-1: Swinging Strike 2-2: Ground out 4-3 (Groundball, 4M, EV 107.5 MPH)
|
|
Batting: RHB Dave Pizarro
|
0-0: Ball 1-0: Swinging Strike 1-1: Called Strike 1-2: Foul Ball, location: 2F 1-2: Ball 2-2: Strikes out swinging
|
| Bottom of the 5th over - 0 runs, 0 hits, 1 error, 0 left on base; State College 0 - Rome 3 |
| TOP OF THE 6TH |
|
State College Spikes batting - Pitching for Rome Braves : RHP Javy Hernandez
|
|
Batting: RHB Nelson Salamanca
|
0-0: Ball 1-0: Foul Ball, location: 2F 1-1: Foul Ball, location: 2F 1-2: Ball 2-2: Ball 3-2: Strikes out swinging
|
|
Batting: LHB Ignacio Ocampo
|
0-0: Called Strike 0-1: Ball 1-1: Called Strike 1-2: Fly out, F9 (Flyball, 89M, EV 76.2 MPH)
|
|
Batting: RHB Shou-feng Chang
|
0-0: Foul Ball, location: 2F 0-1: Ball 1-1: DOUBLE (Flyball, 8RXD, EV 98.1 MPH)
|
|
Batting: SHB Bobby Mercado
|
0-0: SINGLE (Groundball, 56S, EV 65.6 MPH) (infield hit) Shou-feng Chang to third
|
|
Batting: LHB Ken Morehead
|
0-0: Ball 1-0: Ball 2-0: Ball 3-0: Base on Balls Bobby Mercado to second
|
|
Batting: LHB Ken Compton
|
0-0: Swinging Strike 0-1: Foul Ball, location: 2F 0-2: Strikes out swinging
|
| Top of the 6th over - 0 runs, 2 hits, 0 errors, 3 left on base; State College 0 - Rome 3 |
| BOTTOM OF THE 6TH |
|
Rome Braves batting - Pitching for State College Spikes : RHP Terry Romaine
|
|
Batting: RHB Tony Cabrera
|
0-0: Ball 1-0: Ball 2-0: Foul Ball, location: 2F 2-1: Foul Ball, location: 2F 2-2: Ball 3-2: Fly out, F8 (Flyball, 8RXD, EV 106.2 MPH)
|
|
Batting: RHB Manny Hensley
|
0-0: Called Strike 0-1: SOLO HOME RUN (Flyball, 7LD, EV 95.6 MPH), Distance : 359 ft
|
|
Batting: RHB Yutaka Yamane
|
0-0: Ball 1-0: Swinging Strike 1-1: Swinging Strike 1-2: Foul Ball, location: 2F 1-2: Ball 2-2: Strikes out looking
|
|
Batting: RHB Gebre-Giorgios Wangondu
|
0-0: Called Strike 0-1: Ball 1-1: Hit by Pitch
|
|
Batting: LHB Adam Hairston
|
0-0: Ball Pickoff Throw to First - Out! 1-3
|
| Bottom of the 6th over - 1 run, 1 hit, 0 errors, 0 left on base; State College 0 - Rome 4 |
| TOP OF THE 7TH |
|
State College Spikes batting - Pitching for Rome Braves : RHP Javy Hernandez
|
|
Batting: RHB Nick Latulippe
|
0-0: Ball 1-0: Foul Ball, location: 2F 1-1: Called Strike 1-2: Ball 2-2: Ball 3-2: TRIPLE (Flyball, 78XD, EV 106.9 MPH)
|
|
Pitching: RHP Tyler Duffy
|
|
|
Batting: RHB Ben Politi
|
0-0: Called Strike 0-1: Fly out, F9 (Line Drive, 89S, EV 90.6 MPH)
|
|
Batting: RHB Juan Carrillo
|
0-0: Called Strike 0-1: Called Strike 0-2: Strikes out swinging
|
|
Batting: RHB Nelson Salamanca
|
0-0: Called Strike 0-1: Ball 1-1: Foul Ball, location: 2F 1-2: Strikes out swinging
|
| Top of the 7th over - 0 runs, 1 hit, 0 errors, 1 left on base; State College 0 - Rome 4 |
| BOTTOM OF THE 7TH |
|
Rome Braves batting - Pitching for State College Spikes : RHP Terry Romaine
|
|
Batting: LHB Adam Hairston
|
0-0: Called Strike 0-1: Ball 1-1: Ball 2-1: Ball 3-1: Base on Balls
|
|
Batting: LHB Diego Garcia
|
0-0: Ball 1-0: Sac Bunt to 13 - play at first, batter OUT! 1-3 Adam Hairston to second
|
|
Batting: RHB Carlos Livas
|
0-0: Called Strike 0-1: Called Strike 0-2: SINGLE (Groundball, 6M, EV 100.6 MPH) (infield hit) Adam Hairston to third
|
|
Batting: LHB Mitsujiro Tanaka
|
0-0: Ball Carlos Livas is caught stealing 2nd base 2-6 1-0: Ground out 4-3 (Groundball, 34, EV 88.8 MPH)
|
| Bottom of the 7th over - 0 runs, 1 hit, 0 errors, 1 left on base; State College 0 - Rome 4 |
| TOP OF THE 8TH |
|
State College Spikes batting - Pitching for Rome Braves : RHP Tyler Duffy
|
|
Batting: LHB Ignacio Ocampo
|
0-0: Ball 1-0: Ball 2-0: Called Strike 2-1: SINGLE (Groundball, 34D, EV 104.4 MPH)
|
|
Batting: RHB Shou-feng Chang
|
0-0: Fly out, F2 (Popup, 2RF, EV 99.4 MPH)
|
|
Batting: SHB Bobby Mercado
|
0-0: Ball 1-0: Fly out, F5 (Popup, 56S, EV 69.4 MPH)
|
|
Batting: LHB Ken Morehead
|
0-0: Foul Ball, location: 2F 0-1: Ball 1-1: Ground out 4-3 (Groundball, 4, EV 81.9 MPH)
|
| Top of the 8th over - 0 runs, 1 hit, 0 errors, 1 left on base; State College 0 - Rome 4 |
| BOTTOM OF THE 8TH |
|
Rome Braves batting - Pitching for State College Spikes : RHP Terry Romaine
|
|
Batting: RHB Dave Pizarro
|
0-0: Ball 1-0: Foul Ball, location: 2F 1-1: Called Strike 1-2: SINGLE (Groundball, 6MD, EV 105.0 MPH)
|
|
Batting: RHB Tony Cabrera
|
0-0: DOUBLE (Line Drive, 7LM, EV 99.4 MPH) Dave Pizarro to third Dave Pizarro scores
|
|
Pitching: LHP Eddie San Miguel
|
|
|
Batting: RHB Manny Hensley
|
0-0: Foul Ball, location: 2F 0-1: Called Strike 0-2: Ball 1-2: Ball 2-2: Ground out 5-3 (Groundball, 56, EV 78.1 MPH)
|
|
Batting: RHB Yutaka Yamane
|
0-0: Called Strike Tony Cabrera is caught stealing 3rd base 2-5 0-1: Ball 1-1: Foul Ball, location: 2F 1-2: Strikes out swinging
|
| Bottom of the 8th over - 1 run, 2 hits, 0 errors, 0 left on base; State College 0 - Rome 5 |
| TOP OF THE 9TH |
|
State College Spikes batting - Pitching for Rome Braves : RHP Tyler Duffy
|
|
Batting: LHB Ken Compton
|
0-0: Foul Ball, location: 2F 0-1: Swinging Strike 0-2: Fly out, F8 (Line Drive, 8LS, EV 102.5 MPH)
|
|
Batting: RHB Nick Latulippe
|
0-0: Swinging Strike 0-1: Called Strike 0-2: Foul Ball, location: 2F 0-2: Strikes out swinging
|
|
Batting: RHB Ben Politi
|
0-0: Ball 1-0: Ball 2-0: Ball 3-0: Base on Balls
|
|
Batting: RHB Juan Carrillo
|
0-0: Ball 1-0: Foul Ball, location: 2F 1-1: Ball 2-1: Ball 3-1: Fielders Choice at 2nd, 5-4 (Groundball, 56, EV 83.8 MPH)
|
| Top of the 9th over - 0 runs, 0 hits, 0 errors, 1 left on base; State College 0 - Rome 5 |
|